[ AOE2 MATCH · #495997675 ]
UnrankedKhitans vs Italians
Player's team · LOSS
Rival team · WIN
[ REPLAY ANALYSIS · EXTRACTED FROM THE RECORDED GAME ]
Feudal
8:55
Castle
21:14
Imperial
—
| APM avg | 77.3 |
| APM peak | 105 |
| eAPM avg | 35.9 |
| Villagers / military | 56 / 50 |
Focus
⚔️ 60.4% · 🌾 39.6%
Skirmisher ×21 · Steppe Lancer ×12 · Archer ×11 · Spearman ×3 · Cavalry Archer ×3
Feudal
8:51
Castle
23:01
Imperial
—
| APM avg | 85.4 |
| APM peak | 135 |
| eAPM avg | 35.8 |
| Villagers / military | 56 / 58 |
Focus
⚔️ 58.4% · 🌾 41.6%
Archer ×38 · Skirmisher ×7 · Knight ×6 · Scout Cavalry ×6 · Spearman ×1
Match map
Initial resources + every placement click. Lines = walls · curves = elevation contours. ◆ gold · ⬟ stone · ● berries · ✦ relic · ◌ wall gap
Your base· Open — 1t gap
Luna's base· ✓ Closed at 23:01 · 28t walls · 1 gate(s)
Smoothed initial terrain · ◌ = detected wall gap · hover for details
Inputs per minute
— aLovingHusband - - Luna
Build order — aLovingHusband
First 150 of 167 actions detected
| 0:01 | Create | Villager (Male) |
| 0:01 | Create | Villager (Male) |
| 0:02 | Build | House |
| 0:03 | Build | House |
| 0:14 | Create | Villager (Male) |
| 0:14 | Create | Villager (Male) |
| 1:27 | Create | Villager (Male) |
| 2:09 | Create | Villager (Male) |
| 2:24 | Build | Lumber Camp |
| 2:31 | Create | Villager (Male) |
| 2:31 | Create | Villager (Male) |
| 2:32 | Create | Villager (Male) |
| 2:48 | Create | Villager (Male) |
| 2:49 | Create | Villager (Male) |
| 3:10 | Build | House |
| 3:29 | Create | Villager (Male) |
| 3:29 | Create | Villager (Male) |
| 3:38 | Create | Villager (Male) |
| 3:59 | Create | Villager (Male) |
| 3:59 | Create | Villager (Male) |
| 4:03 | Create | Villager (Male) |
| 4:25 | Create | Villager (Male) |
| 4:26 | Create | Villager (Male) |
| 4:30 | Create | Villager (Male) |
| 4:48 | Create | Villager (Male) |
| 5:11 | Create | Villager (Male) |
| 5:11 | Create | Villager (Male) |
| 5:32 | Research | Loom |
| 5:34 | Create | Villager (Male) |
| 5:40 | Build | Barracks |
| 6:04 | Build | House |
| 6:43 | Research | Feudal Age |
| 6:43 | Research | Feudal Age |
| 7:09 | Build | Mining Camp |
| 8:30 | Create | Villager (Male) |
| 8:34 | Build | Palisade Wall |
| 8:37 | Build | Palisade Wall |
| 8:47 | Create | Villager (Male) |
| 8:55 | Age | Feudal Age |
| 8:57 | Build | Archery Range |
| 9:02 | Build | Palisade Wall |
| 9:04 | Build | Palisade Wall |
| 9:05 | Build | Palisade Wall |
| 9:08 | Create | Villager (Male) |
| 9:13 | Research | Double-Bit Axe |
| 9:23 | Build | Mill |
| 9:26 | Build | Mill |
| 9:47 | Create | Villager (Male) |
| 9:47 | Create | Villager (Male) |
| 9:48 | Create | Villager (Male) |
| 9:55 | Create | Archer |
| 9:55 | Create | Archer |
| 9:56 | Create | Archer |
| 10:12 | Create | Archer |
| 10:22 | Create | Villager (Male) |
| 10:28 | Build | Palisade Wall |
| 10:39 | Research | Wheelbarrow |
| 10:42 | Build | House |
| 10:43 | Build | House |
| 10:53 | Create | Villager (Male) |
| 11:01 | Build | Palisade Wall |
| 11:02 | Build | Palisade Wall |
| 11:03 | Build | Palisade Wall |
| 11:08 | Create | Archer |
| 11:14 | Build | House |
| 11:29 | Research | Tech 1014 |
| 11:44 | Create | Villager (Male) |
| 11:57 | Build | Pasture |
| 12:20 | Create | Villager (Male) |
| 12:24 | Create | Archer |
| 12:32 | Build | Pasture |
| 12:39 | Create | Villager (Male) |
| 12:41 | Create | Archer |
| 13:00 | Create | Archer |
| 13:02 | Create | Villager (Male) |
| 13:04 | Build | House |
| 13:28 | Create | Archer |
| 13:28 | Create | Skirmisher |
| 13:47 | Build | House |
| 13:50 | Build | Blacksmith |
| 13:55 | Create | Villager (Male) |
| 13:55 | Create | Villager (Male) |
| 13:56 | Create | Villager (Male) |
| 14:07 | Build | Pasture |
| 14:15 | Research | Fletching |
| 14:16 | Research | Padded Archer Armor |
| 14:16 | Create | Villager (Male) |
| 14:32 | Create | Archer |
| 14:33 | Create | Archer |
| 15:28 | Create | Villager (Male) |
| 15:31 | Create | Skirmisher |
| 15:48 | Build | Pasture |
| 16:02 | Create | Villager (Male) |
| 16:02 | Create | Villager (Male) |
| 16:05 | Create | Skirmisher |
| 16:26 | Create | Skirmisher |
| 16:29 | Build | Pasture |
| 16:29 | Create | Villager (Male) |
| 17:04 | Create | Villager (Male) |
| 17:07 | Build | Lumber Camp |
| 17:09 | Build | Market |
| 17:12 | Create | Skirmisher |
| 17:13 | Create | Skirmisher |
| 17:18 | Create | Villager (Male) |
| 17:20 | Build | Pasture |
| 17:45 | Build | House |
| 17:46 | Build | House |
| 17:55 | Create | Skirmisher |
| 18:03 | Research | Town Watch |
| 18:34 | Research | Castle Age |
| 18:48 | Create | Spearman |
| 18:52 | Create | Skirmisher |
| 18:52 | Create | Skirmisher |
| 19:06 | Create | Skirmisher |
| 19:30 | Create | Villager (Male) |
| 19:30 | Create | Skirmisher |
| 19:31 | Create | Skirmisher |
| 19:39 | Create | Spearman |
| 19:52 | Create | Villager (Male) |
| 20:08 | Create | Skirmisher |
| 20:23 | Build | Archery Range |
| 20:26 | Build | Stable |
| 20:36 | Create | Villager (Male) |
| 20:37 | Create | Villager (Male) |
| 20:46 | Create | Spearman |
| 21:14 | Age | Castle Age |
| 21:18 | Create | Steppe Lancer |
| 21:19 | Create | Steppe Lancer |
| 21:23 | Create | Villager (Male) |
| 21:39 | Create | Villager (Male) |
| 21:42 | Research | Scale Barding Armor |
| 21:42 | Research | Scale Barding Armor |
| 21:52 | Create | Steppe Lancer |
| 22:07 | Build | Pasture |
| 22:08 | Research | Forging |
| 22:14 | Create | Skirmisher |
| 22:44 | Create | Skirmisher |
| 22:44 | Create | Skirmisher |
| 22:54 | Build | Pasture |
| 22:55 | Create | Villager (Male) |
| 23:02 | Create | Skirmisher |
| 23:08 | Create | Skirmisher |
| 23:12 | Research | Bodkin Arrow |
| 23:12 | Create | Villager (Male) |
| 23:15 | Research | Chain Barding Armor |
| 23:19 | Build | Pasture |
| 23:25 | Create | Steppe Lancer |
| 23:25 | Create | Steppe Lancer |
| 23:45 | Create | Villager (Male) |
| 23:50 | Build | Lumber Camp |
Build order — Luna
First 150 of 187 actions detected
| 0:01 | Create | Villager (Male) |
| 0:01 | Create | Villager (Male) |
| 0:02 | Build | House |
| 0:04 | Build | House |
| 0:08 | Create | Villager (Male) |
| 0:08 | Create | Villager (Male) |
| 1:26 | Create | Villager (Male) |
| 1:26 | Create | Villager (Male) |
| 1:58 | Build | Lumber Camp |
| 2:05 | Create | Villager (Male) |
| 2:05 | Create | Villager (Male) |
| 2:27 | Create | Villager (Male) |
| 2:27 | Create | Villager (Male) |
| 2:27 | Create | Villager (Male) |
| 2:28 | Create | Villager (Male) |
| 3:05 | Build | House |
| 3:08 | Create | Villager (Male) |
| 3:27 | Create | Villager (Male) |
| 3:53 | Create | Villager (Male) |
| 3:53 | Create | Villager (Male) |
| 4:25 | Create | Villager (Male) |
| 4:28 | Build | Mill |
| 4:52 | Create | Villager (Male) |
| 4:52 | Create | Villager (Male) |
| 5:23 | Create | Villager (Male) |
| 5:37 | Create | Villager (Male) |
| 6:07 | Research | Loom |
| 6:39 | Research | Feudal Age |
| 7:04 | Create | Villager (Male) |
| 7:09 | Build | Barracks |
| 7:20 | Build | House |
| 7:21 | Build | House |
| 7:27 | Create | Villager (Male) |
| 7:47 | Build | Palisade Wall |
| 8:51 | Age | Feudal Age |
| 8:51 | Build | Mining Camp |
| 8:54 | Create | Villager (Male) |
| 8:57 | Create | Spearman |
| 9:02 | Build | Palisade Wall |
| 9:06 | Build | Palisade Wall |
| 9:07 | Build | Palisade Wall |
| 9:15 | Build | Archery Range |
| 9:16 | Create | Villager (Male) |
| 9:22 | Research | Double-Bit Axe |
| 9:45 | Create | Villager (Male) |
| 9:58 | Create | Archer |
| 10:01 | Build | House |
| 10:04 | Build | House |
| 10:07 | Create | Villager (Male) |
| 10:22 | Create | Archer |
| 10:34 | Build | Farm |
| 10:34 | Build | Farm |
| 10:47 | Build | House |
| 10:49 | Create | Villager (Male) |
| 10:52 | Build | Palisade Wall |
| 10:55 | Build | House |
| 10:59 | Create | Archer |
| 11:15 | Create | Skirmisher |
| 11:24 | Create | Villager (Male) |
| 11:28 | Build | Farm |
| 11:48 | Create | Villager (Male) |
| 11:54 | Create | Skirmisher |
| 12:15 | Create | Skirmisher |
| 12:18 | Create | Villager (Male) |
| 12:27 | Build | Blacksmith |
| 12:28 | Build | House |
| 12:32 | Create | Skirmisher |
| 12:33 | Create | Archer |
| 12:39 | Create | Villager (Male) |
| 12:43 | Build | Farm |
| 12:44 | Create | Villager (Male) |
| 13:04 | Create | Villager (Male) |
| 13:13 | Create | Archer |
| 13:44 | Create | Villager (Male) |
| 13:46 | Build | Farm |
| 13:48 | Build | Farm |
| 13:50 | Build | Farm |
| 13:51 | Research | Fletching |
| 14:02 | Create | Villager (Male) |
| 14:07 | Build | House |
| 14:08 | Build | House |
| 14:11 | Build | Palisade Wall |
| 14:13 | Build | Farm |
| 14:21 | Research | Padded Archer Armor |
| 14:24 | Create | Archer |
| 14:24 | Create | Archer |
| 14:48 | Create | Archer |
| 15:22 | Create | Skirmisher |
| 15:22 | Create | Skirmisher |
| 15:28 | Create | Villager (Male) |
| 15:28 | Create | Villager (Male) |
| 15:31 | Build | Farm |
| 15:45 | Create | Archer |
| 15:52 | Create | Archer |
| 16:11 | Create | Villager (Male) |
| 16:15 | Build | Farm |
| 16:15 | Build | Farm |
| 16:28 | Create | Skirmisher |
| 16:33 | Build | Stable |
| 16:55 | Create | Villager (Male) |
| 16:57 | Build | Farm |
| 16:59 | Create | Villager (Male) |
| 17:01 | Create | Villager (Male) |
| 17:01 | Create | Villager (Male) |
| 17:03 | Build | Farm |
| 17:04 | Build | Farm |
| 17:05 | Build | Farm |
| 17:08 | Create | Archer |
| 17:27 | Build | Lumber Camp |
| 17:31 | Create | Scout Cavalry |
| 17:31 | Create | Scout Cavalry |
| 17:34 | Create | Villager (Male) |
| 17:36 | Build | Farm |
| 17:55 | Create | Villager (Male) |
| 17:58 | Build | Farm |
| 18:04 | Create | Scout Cavalry |
| 18:38 | Create | Archer |
| 18:49 | Create | Archer |
| 18:49 | Create | Archer |
| 18:58 | Create | Villager (Male) |
| 19:01 | Create | Archer |
| 19:01 | Create | Archer |
| 19:34 | Create | Scout Cavalry |
| 19:35 | Create | Archer |
| 19:35 | Create | Archer |
| 19:45 | Create | Archer |
| 19:46 | Build | Farm |
| 19:47 | Build | Archery Range |
| 20:11 | Create | Archer |
| 20:11 | Create | Archer |
| 20:11 | Create | Archer |
| 20:21 | Build | Farm |
| 20:21 | Research | Castle Age |
| 20:33 | Create | Archer |
| 20:33 | Create | Archer |
| 20:44 | Create | Scout Cavalry |
| 20:45 | Create | Scout Cavalry |
| 20:46 | Create | Archer |
| 20:47 | Create | Archer |
| 20:57 | Create | Archer |
| 21:32 | Create | Archer |
| 21:35 | Build | House |
| 21:36 | Research | Scale Barding Armor |
| 21:39 | Research | Gold Mining |
| 21:41 | Create | Villager (Male) |
| 21:42 | Build | Farm |
| 21:46 | Build | Farm |
| 21:47 | Build | Farm |
| 21:55 | Create | Archer |
| 21:55 | Create | Archer |
Match timeline
| 5:40 | aLovingHusband · first_building Barracks |
| 7:09 | Luna · first_building Barracks |
| 7:47 | Luna · wall_segment Palisade Wall x5 |
| 8:34 | aLovingHusband · wall_segment Palisade Wall x1 |
| 8:37 | aLovingHusband · wall_segment Palisade Wall x1 |
| 8:51 | Luna · age_up feudal |
| 8:55 | aLovingHusband · age_up feudal |
| 8:57 | aLovingHusband · first_building Archery Range |
| 9:02 | aLovingHusband · wall_segment Palisade Wall x1 |
| 9:02 | Luna · wall_segment Palisade Wall x1 |
| 9:04 | aLovingHusband · wall_segment Palisade Wall x1 |
| 9:05 | aLovingHusband · wall_segment Palisade Wall x1 |
| 9:06 | Luna · wall_segment Palisade Wall x1 |
| 9:07 | Luna · wall_segment Palisade Wall x1 |
| 9:15 | Luna · first_building Archery Range |
| 10:28 | aLovingHusband · wall_segment Palisade Wall x3 |
| 10:52 | Luna · wall_segment Palisade Wall x5 |
| 11:01 | aLovingHusband · wall_segment Palisade Wall x1 |
| 11:02 | aLovingHusband · wall_segment Palisade Wall x1 |
| 11:03 | aLovingHusband · wall_segment Palisade Wall x1 |
| 14:11 | Luna · wall_segment Palisade Wall x9 |
| 16:33 | Luna · first_building Stable |
| 18:06 | aLovingHusband · first_market_sell 500 stone |
| 18:07 | aLovingHusband · first_market_buy 100 food |
| 20:26 | aLovingHusband · first_building Stable |
| 21:14 | aLovingHusband · age_up castle |
| 22:20 | Luna · wall_segment Palisade Wall x6 |
| 23:01 | Luna · age_up castle |
| 25:52 | aLovingHusband · resign |
[ AI ANALYSIS · 1 CREDIT ]
What really happened in this match?
Wolo.gg analyzes every decision: build order, eco, micro, common mistakes by bracket. Personalized analysis on WhatsApp or Discord in 30 seconds.
Civ guide
Khitans
Perfil
aLovingHusband